Map: Prion Terraces

Players

Sempai - Winner!

  • Race: Zerg Zerg

MorN

  • Race: Terran Terran
  • League: Gold

VOD

Have the link to the VOD?

Description

Time

  • Played on: Nov. 9, 2015, 7:58 p.m.
  • Length: 7:13
Show
View Real Time Build Order
Export as new Build Order

Sempai Zerg - Winner!

Build Orders: Hatch First 

Get SALT Encoding   

  12  0:00  Drone  
  13  0:12  Overlord  
  14  0:21  Drone  
  14  0:33  Drone x2  
  16  0:38  Drone  
  17  0:46  Drone  
  18  0:55  Hatchery  
  17  1:01  Extractor  
  17  1:02  Drone  
  17  1:12  Spawning Pool  
  17  1:25  Drone x2  
  18  1:33  Overlord  
  18  1:42  Drone  
  19  1:59  Queen  
  19  2:01  Zergling x2  
  22  2:03  Zergling x2  
  22  2:06  Metabolic Boost, Queen  
  22  2:08  Drone  
  26  2:12  Drone  
  27  2:18  Drone  
  27  2:21  Drone  
  29  2:29  Drone  
  30  2:35  Drone, Queen  
  33  2:42  Queen  
  33  2:44  Overlord  
  35  2:59  Drone  
  35  3:03  Drone x3  
  39  3:17  Hatchery, Zergling x8  
  40  3:22  Overlord  
  40  3:24  Zergling x4  
  42  3:31  Overlord  
  42  3:49  Drone  
  42  3:57  Drone x3  
  42  3:58  Drone x6  
  49  4:13  Drone, Extractor x2  
  49  4:14  Drone  
  49  4:23  Drone x3  
  52  4:29  Zergling x4  
  51  4:42  Zergling x2  
  51  4:43  Zergling x12  
  58  4:58  Drone  
  58  4:59  Drone x4  
  60  5:01  Zergling x4  
  60  5:09  Zergling x2  
  56  5:15  Zergling x4  
  56  5:24  Zergling x6  
  56  5:25  Queen  
  56  5:28  Lair  
  58  5:36  Zergling x6  
  58  5:37  Zergling x6  
  62  5:45  Zergling x8  
  62  5:47  Overlord  
  60  6:13  Zergling x2  
  60  6:14  Zergling x20  
  60  6:17  Drone x2  
  65  6:31  Zergling x6  
  61  6:49  Drone x7  
  61  6:53  Drone x3  
  73  6:56  Spire  
  73  6:57  Drone x2, Extractor  
  73  6:58  Baneling Nest  
Show
View Real Time Build Order
Export as new Build Order

MorN Terran 

Build Orders:  

Get SALT Encoding   

  12  0:01  SCV  
  13  0:13  SCV  
  14  0:25  Supply Depot, SCV  
  15  0:46  SCV  
  15  0:48  Barracks  
  16  0:55  Refinery  
  16  1:01  SCV  
  16  1:04  Barracks  
  17  1:14  SCV  
  18  1:19  Barracks  
  18  1:22  Refinery  
  18  1:27  SCV  
  19  1:42  Reaper  
  20  1:51  Supply Depot  
  20  1:53  Reaper  
  21  2:05  Orbital Command  
  21  2:10  Reaper  
  22  2:22  Bunker  
  22  2:23  Reaper  
  22  2:28  Reaper  
  23  2:32  SCV  
  24  2:41  Barracks  
  24  2:43  Reaper  
  25  2:56  Reaper  
  24  3:02  Reaper  
  25  3:07  SCV  
  25  3:10  Supply Depot  
  26  3:15  Reaper  
  27  3:23  SCV  
  28  3:28  Reaper  
  28  3:30  Reaper  
  30  3:34  Reaper  
  30  3:35  SCV  
  32  3:45  Supply Depot  
  32  3:47  Reaper  
  32  3:48  SCV  
  32  4:00  SCV, Reaper  
  32  4:02  Reaper  
  34  4:10  Reaper  
  35  4:21  SCV  
  35  4:22  Reaper  
  37  4:25  Command Center  
  37  4:32  Reaper  
  37  4:41  Reaper  
  37  4:42  Reaper  
  37  5:02  Reaper  
  37  5:04  Reaper  
  37  5:17  Reaper  
  37  5:31  Reaper  
  37  5:34  SCV, Reaper  
  40  5:42  Orbital Command  
  40  5:46  SCV  
  41  5:50  Supply Depot  
  41  5:52  Reaper x2  
  43  5:58  SCV  
  36  6:20  Reaper x2  
  36  6:24  Reaper  
  39  6:25  SCV  
  39  6:26  SCV  
  34  6:48  SCV x2  
  35  6:55  Supply Depot  
  35  6:56  Supply Depot x2  
  35  6:57  Supply Depot  
  35  6:58  Supply Depot  
  39  7:07  Bunker  
Tags
 
League
Gold
Matchup
TvZ
Replay Pack
MorN pack 1
Add a new tag
Caveats
  • Supply blocks, unpowered buildings, or Contaminate may cause inaccurate times.
  • Supply counts are checked every 10 seconds.